Map: Central Protocol

Players

puCK (Nina) - Winner!

  • Race: Protoss Protoss
  • League: Grandmaster

CMStormPolt (Polt)

  • Race: Terran Terran
  • League: Grandmaster

VOD

Have the link to the VOD?

Description

Time

  • Played on: Feb. 14, 2016, 6:35 p.m.
  • Length: 13:46
Show
View Real Time Build Order
Export as new Build Order

puCK Protoss - Winner!

Build Orders: 1 Gate Expand, Colossus Rush 

Get SALT Encoding   

  12  0:01  Probe (Chrono Boost)  
  13  0:12  Probe (Chrono Boost)  
  14  0:18  Pylon  
  14  0:22  Probe (Chrono Boost)  
  15  0:36  Probe (Chrono Boost), Gateway  
  16  0:44  Assimilator  
  16  0:47  Probe (Chrono Boost)  
  17  0:57  Probe (Chrono Boost)  
  18  1:09  Probe (Chrono Boost)  
  19  1:21  Nexus  
  19  1:33  Cybernetics Core  
  19  1:35  Probe (Chrono Boost)  
  20  1:45  Probe (Chrono Boost)  
  21  1:48  Assimilator  
  21  1:51  Pylon  
  21  1:56  Probe (Chrono Boost)  
  23  2:10  Mothership Core (Chrono Boost)  
  23  2:15  Stalker  
  26  2:27  Warp Gate  
  26  2:28  Probe (Chrono Boost)  
  27  2:34  Probe (Chrono Boost)  
  28  2:39  Probe (Chrono Boost)  
  29  2:45  Probe (Chrono Boost), Stalker  
  29  2:49  Probe (Chrono Boost)  
  33  2:55  Probe (Chrono Boost)  
  34  3:00  Probe (Chrono Boost), Robotics Facility  
  35  3:06  Probe (Chrono Boost)  
  35  3:10  Probe (Chrono Boost)  
  35  3:11  Pylon  
  37  3:16  Probe (Chrono Boost)  
  38  3:21  Probe (Chrono Boost)  
  38  3:22  Stalker  
  41  3:27  Probe (Chrono Boost)  
  41  3:30  Assimilator  
  41  3:31  Probe (Chrono Boost)  
  43  3:38  Probe (Chrono Boost)  
  44  3:42  Probe (Chrono Boost)  
  46  3:48  Probe (Chrono Boost)  
  46  3:51  Robotics Bay  
  46  3:52  Probe (Chrono Boost)  
  47  3:58  Probe (Chrono Boost)  
  48  4:03  Probe (Chrono Boost), Warp Prism (Chrono Boost)  
  48  4:07  Probe, Pylon  
  52  4:12  Pylon  
  52  4:15  Probe, Assimilator  
  53  4:18  Probe  
  53  4:22  Gateway  
  54  4:24  Gateway  
  54  4:27  Probe  
  54  4:28  Probe  
  56  4:34  Disruptor (Chrono Boost)  
  59  4:39  Probe, Gravitic Drive (Chrono Boost)  
  59  4:41  Probe  
  61  4:51  Probe  
  61  4:53  Probe  
  62  5:01  Twilight Council  
  62  5:03  Probe  
  62  5:05  Probe, Forge  
  64  5:10  Observer  
  65  5:15  Probe  
  65  5:17  Probe  
  65  5:21  Pylon  
  67  5:27  Probe  
  68  5:29  Probe  
  68  5:31  Colossus  
  69  5:39  Probe  
  76  5:46  Protoss Ground Weapons Level 1  
  76  5:49  Nexus  
  76  5:50  Probe  
  76  5:51  Blink (Chrono Boost)  
  76  5:53  Pylon  
  76  5:55  Pylon  
  77  5:58  Probe  
  78  6:05  Pylon  
  78  6:08  Gateway, Pylon  
  78  6:11  Probe, Gateway  
  79  6:15  Extended Thermal Lance (Chrono Boost)  
  79  6:22  Probe  
  79  6:23  Stalker  
  79  6:24  Stalker  
  83  6:32  Colossus  
  83  6:36  Adept  
  91  6:45  Gateway  
  91  6:47  Zealot  
  91  6:50  Adept  
  95  6:56  Stalker  
  89  7:07  Probe  
  84  7:10  Probe  
  84  7:11  Stalker x2  
  87  7:17  Probe  
  87  7:21  Adept x3  
  87  7:22  Probe x2  
  95  7:26  Assimilator  
  95  7:28  Colossus  
  102  7:31  Assimilator  
  102  7:32  Probe  
  103  7:39  Probe  
  103  7:40  Probe  
  103  7:41  Gateway  
  103  7:43  Gateway, Resonating Glaives (Chrono Boost)  
  101  7:44  Probe, Sentry x2  
  101  7:50  Stalker x2  
  110  7:51  Probe  
  110  7:57  Stalker x2  
  115  8:03  Protoss Ground Weapons Level 2 (Chrono Boost)  
  111  8:10  Pylon  
  111  8:14  Pylon  
  111  8:19  Pylon  
  111  8:21  Forge  
  111  8:23  Pylon  
  111  8:26  Pylon  
  111  8:27  Pylon  
  111  8:28  Stalker x3  
  111  8:29  Stalker  
  119  8:35  Stalker x2  
  123  8:48  Disruptor  
  123  8:54  Adept x4  
  134  9:11  Photon Cannon  
  134  9:14  Protoss Ground Armor Level 1 (Chrono Boost)  
  125  9:18  Gateway  
  125  9:20  Gateway  
  113  9:25  Disruptor (Chrono Boost)  
  113  9:26  Stalker x4  
  113  9:27  Stalker x2  
  128  9:33  Pylon  
  128  9:40  Nexus  
  128  9:49  Sentry x2  
  128  9:50  Adept  
  128  9:51  Adept x3  
  140  9:55  Adept  
  142  10:04  Stalker  
  140  10:11  Colossus (Chrono Boost)  
  144  10:16  Stalker x3, Protoss Ground Weapons Level 3  
  149  10:29  Stalker x5  
  159  10:40  Stalker  
  159  10:54  Stalker x4  
  168  10:57  Disruptor (Chrono Boost)  
  168  11:05  Robotics Facility  
  168  11:12  Stalker x2  
  168  11:17  Pylon  
  172  11:23  Adept x3  
  164  11:31  Adept x2  
  166  11:37  Adept  
  168  11:43  Adept  
  160  11:51  Disruptor (Chrono Boost)  
  157  11:57  Sentry x2  
  157  11:58  Sentry, Adept  
  164  12:10  Pylon  
  164  12:12  Pylon  
  141  12:43  Stalker x3  
  141  12:44  Stalker  
  110  13:45  Nexus  
Show
View Real Time Build Order
Export as new Build Order

CMStormPolt Terran 

Build Orders: Reaper Expand, MMM Bio 

Get SALT Encoding   

  12  0:01  SCV  
  13  0:13  SCV  
  14  0:18  Supply Depot  
  14  0:25  SCV  
  15  0:39  SCV  
  15  0:40  Barracks  
  16  0:44  Refinery  
  16  0:51  SCV  
  17  1:04  SCV  
  18  1:16  SCV  
  19  1:28  Orbital Command  
  19  1:29  Reaper  
  20  1:43  Command Center  
  20  1:53  SCV  
  21  1:56  Supply Depot  
  22  2:03  Barracks Reactor  
  22  2:06  SCV  
  22  2:09  Barracks  
  22  2:18  SCV  
  23  2:25  Factory  
  23  2:30  SCV  
  24  2:39  Refinery  
  24  2:40  Marine x2  
  24  2:42  SCV  
  27  2:54  SCV  
  27  2:55  Orbital Command  
  27  2:57  Barracks Tech Lab  
  27  2:58  Marine x2  
  30  3:06  SCV  
  30  3:09  Starport  
  30  3:11  Widow Mine  
  33  3:17  Marine x2  
  33  3:18  SCV  
  36  3:20  SCV  
  37  3:30  Supply Depot, SCV  
  37  3:32  SCV  
  39  3:39  Widow Mine  
  39  3:40  Marine x2  
  43  3:42  SCV, Marine  
  43  3:45  SCV  
  46  3:51  Medivac  
  46  3:52  Supply Depot  
  46  3:54  SCV  
  49  3:57  SCV, Stimpack  
  49  4:01  Marine x3  
  52  4:07  SCV  
  52  4:09  SCV  
  54  4:10  Supply Depot  
  54  4:13  Factory Reactor  
  54  4:19  SCV, Marine x3  
  54  4:21  SCV  
  59  4:27  Medivac  
  59  4:28  Barracks  
  59  4:31  SCV  
  62  4:33  SCV  
  62  4:35  Supply Depot  
  63  4:39  Marauder  
  63  4:42  Marine x2  
  63  4:43  SCV  
  63  4:45  SCV  
  68  4:55  SCV  
  68  4:57  SCV  
  68  4:58  Engineering Bay  
  68  4:59  Supply Depot  
  70  5:03  Marine x2, Marauder  
  74  5:12  Viking  
  74  5:13  Medivac  
  76  5:14  SCV x2  
  76  5:16  Refinery  
  76  5:18  Refinery  
  78  5:22  Barracks Reactor  
  78  5:26  Barracks, Supply Depot  
  78  5:27  Barracks  
  78  5:28  Supply Depot  
  78  5:33  Marine x2  
  78  5:34  Marauder  
  82  5:43  Terran Infantry Weapons Level 1  
  82  5:47  SCV x2  
  79  5:56  Supply Depot  
  79  5:57  Supply Depot  
  79  6:02  Marine x4, Marauder  
  79  6:04  Missile Turret  
  85  6:11  Missile Turret  
  85  6:14  Combat Shields  
  85  6:15  Barracks Reactor, Barracks Tech Lab  
  85  6:17  Medivac x2  
  89  6:27  Marine x4, Marauder  
  86  6:35  Marauder  
  88  6:44  Command Center  
  88  6:50  Marine x4, Marauder  
  94  6:56  Marauder  
  94  6:57  SCV x2  
  88  7:05  Medivac x2  
  85  7:09  SCV x2  
  85  7:13  Marine x3, Marauder  
  92  7:16  Marine x2  
  92  7:17  Marine, Liberator  
  92  7:18  Marauder, Liberator  
  90  7:32  SCV x2  
  97  7:41  Terran Infantry Armor Level 1  
  96  7:47  Concussive Shells, Marine x6, Marauder x2  
  105  7:53  Supply Depot, SCV  
  105  7:54  SCV  
  107  8:02  Supply Depot  
  107  8:03  Liberator x2  
  107  8:07  Marine x3  
  107  8:08  Marine x3  
  107  8:09  Marauder x2  
  107  8:11  SCV  
  118  8:14  SCV  
  125  8:27  SCV  
  125  8:28  SCV  
  127  8:38  Orbital Command  
  127  8:40  SCV x2  
  129  8:43  Marauder x2  
  129  8:44  Missile Turret  
  129  8:45  Marine x4  
  129  8:46  Marine x2  
  139  8:51  Widow Mine  
  141  9:00  SCV x2, Armory  
  141  9:01  Engineering Bay  
  143  9:06  Marine x2  
  143  9:07  Marauder x2  
  149  9:14  Supply Depot, Marine x4  
  149  9:15  Supply Depot  
  123  9:33  Liberator x2  
  123  9:37  Fusion Core  
  123  9:39  Starport, Refinery  
  123  9:40  Refinery  
  123  9:41  Marine x6, Marauder x2  
  133  9:49  Widow Mine  
  133  9:50  Terran Infantry Weapons Level 2  
  141  9:57  Terran Infantry Armor Level 2  
  135  10:14  Marauder  
  135  10:15  Marine x6, Marauder  
  145  10:23  Liberator x2  
  144  10:29  Starport Tech Lab  
  144  10:31  Terran Vehicle And Ship Armor Level 1  
  144  10:38  Marine x4  
  144  10:39  Marine x2, Marauder x2  
  144  10:40  Liberator  
  160  10:44  Supply Depot x2  
  151  11:06  Marine x6, Marauder x2  
  159  11:27  Marine x6, Marauder x2  
  159  11:30  Command Center  
  153  11:35  Liberator x2  
  141  11:45  Marine x6  
  138  11:49  Marauder x2  
  139  12:08  Marine x2  
  139  12:09  Marine x4  
  139  12:10  Marauder x2  
  141  12:18  Liberator x2  
  127  12:43  Orbital Command  
  98  12:46  Marine, Marauder x2  
  95  13:08  Marine  
Tags
 
Add a new tag
Caveats
  • Supply blocks, unpowered buildings, or Contaminate may cause inaccurate times.
  • Supply counts are checked every 10 seconds.